 Dungeon Crawl Stone Soup version 0.22.1-1-ga44c0e5 (webtiles) character file.

5037 Lavandula the Cleaver (level 10, 0/115 HPs)
             Began as a Centaur Berserker on Nov 6, 2018.
             Was a Priest of Trog.
             Slain by a polar bear (10 damage)
             ... in an ice cave.
             The game lasted 00:23:00 (3799 turns).

Lavandula the Cleaver (Centaur Berserker)           Turns: 3799, Time: 00:23:01

Health: 0/115      AC: 27    Str: 24    XL:     10   Next: 30%
Magic:  10/10      EV:  1    Int:  8    God:    Trog [***...]
Gold:   45         SH:  0    Dex:  8    Spells: 9/9 levels left

rFire    . . .     SeeInvis .   a - +0 hand axe
rCold    . . .     Gourm    .   (no shield)
rNeg     + + +     Faith    .   (armour currently unavailable)
rPois    +         Spirit   .   (helmet currently unavailable)
rElec    .         Reflect  .   (cloak currently unavailable)
rCorr    .         Harm     .   (gloves currently unavailable)
MR       ++...     NoTele   +   (no barding)
Stlth    +.........             (no amulet)
HPRegen  1.29/turn              w - +2 ring of protection
MPRegen  0.12/turn              G - +2 ring of intelligence

@: tree-form, berserk cooldown, regenerating, slowed, very slow
A: large
a: Berserk, Trog's Hand, Renounce Religion


You were in an ice cave.
You worshipped Trog.
Trog was most pleased with you.
You were very hungry.
You were a tree.
You visited 2 branches of the dungeon, and saw 12 of its levels.
You also visited: Sewer and Ice Cave.

You collected 276 gold pieces.
You spent 231 gold pieces at shops.

Inventory:

Hand Weapons
 a - a +0 hand axe (weapon)
 l - a +0 hunting sling
 r - a +0 blowgun
 O - a cursed +2 halberd
Missiles
 h - 2 throwing nets (quivered)
 s - 37 poisoned needles
 y - 8 javelins
 C - 8 sling bullets
Armour
 b - a +0 animal skin
 o - a +0 ring mail
 p - the +6 ring mail of the Albatross (melded) {rCorr}
   (You found it on level 7 of the Dungeon)

   It provides partial protection from all sources of acid and corrosion.
 L - a +2 hat
 N - a +2 robe of positive energy
Jewellery
 w - a +2 ring of protection (left branch)
 G - a +2 ring of intelligence (right branch)
Wands
 u - a wand of random effects (37)
 D - a wand of flame (23)
 I - a wand of digging (19)
 K - a wand of polymorph (10)
Scrolls
 e - 3 scrolls of remove curse {unknown}
 f - 3 scrolls of teleportation
 g - 2 scrolls of enchant weapon {unknown}
 v - a scroll of fog {unknown}
 x - 2 scrolls of noise {unknown}
 z - a scroll of random uselessness {unknown}
 A - a scroll of brand weapon {unknown}
 F - a scroll of blinking {unknown}
 H - 2 scrolls of enchant armour {unknown}
 J - a scroll of immolation
 P - a scroll of torment {unknown}
Potions
 d - 2 potions of lignification
 i - a potion of agility
 j - 4 potions of curing
 k - 2 potions of might {unknown}
 m - 2 potions of haste
 n - 2 potions of flight
 q - 3 potions of heal wounds
 t - a potion of invisibility
 B - a potion of mutation {unknown}
 E - a potion of degeneration {unknown}
Comestibles
 c - 12 rations
 M - 4 chunks of flesh


   Skills:
 - Level 3.0 Fighting
 - Level 12.3 Axes
 - Level 1.3 Armour
 + Level 5.7 Dodging


You had 9 spell levels left.
You didn't know any spells.
Your spell library was empty.

Dungeon Overview and Level Annotations

Branches:
Dungeon (11/15)            Temple (0/1) D:5            Lair (1/6) D:9
    Orc: D:9-12

Altars:
Dithmenos
Elyvilon
Gozag
Sif Muna
Trog
Yredelemnul

Shops:
D:4 *   D:8 :(?=   D:10 *


Innate Abilities, Weirdness & Mutations

((You have hooves in place of feet.))
((Armour fits poorly on your strangely shaped body.))
((You cover ground very quickly.))
((You have extremely tough skin. (AC +3)))


Message History

The polar bear bites you but does no damage.
The polar bear claws you.
* * * LOW HITPOINT WARNING * * *
The polar bear claws you.
* * * LOW HITPOINT WARNING * * *
Unknown command.
You hit the polar bear but do no damage.
The polar bear is severely wounded.
You hit the wolf but do no damage. The wolf bites you but does no damage.
The polar bear goes berserk!
The wolf bites you but does no damage.
Unknown command.
You completely miss the polar bear.
The polar bear is severely wounded.
You hit the wolf but do no damage. The polar bear bites you!!
* * * LOW HITPOINT WARNING * * *
The polar bear claws you but does no damage.
The polar bear claws you.
* * * LOW HITPOINT WARNING * * *
The wolf bites you but does no damage. The polar bear bites you!
You die...

#### ##..######
##....##..##
#.....†....##
#.h.∩.†.....#
#♣h...†.##....#
##....### ..##
##..## ## ####


You could see a polar bear (berserk) and a wolf.

Vanquished Creatures
  The ghost of SeriousVitamin the Geomancer, a novice DEEE of Sif Muna (D:7)
  Pikel (D:7)
  A gargoyle (D:11)
  2 hippogriffs
  3 yaks
  A hungry ghost (D:7)
  An ice beast (D:11)
  3 phantoms
  A sky beast (D:7)
  2 orc warriors (D:11)
  A slave (D:7)
  A black bear (D:9)
  2 ogres
  3 wolves (IceCv)
  A crocodile (Sewer)
  2 big kobolds (D:11)
  2 bullfrogs (D:7)
  2 scorpions (D:5)
  8 killer bees (D:11)
  2 wights (D:11)
  A howler monkey (D:5)
  A crimson imp (D:7)
  A bullfrog zombie (D:5)
  A quasit (D:11)
  A centaur zombie (D:8)
  5 jellies
  2 bullfrog skeletons
  2 hounds
  2 orc wizards (D:11)
  2 worker ants (D:6)
  13 adders
  2 shadow imps (D:5)
  6 oozes
  2 adder skeletons (D:4)
  An adder zombie (D:5)
  2 worms
  3 leopard geckos
  3 orcs
  3 ball pythons
  6 giant cockroaches
  5 goblins
  3 hobgoblins
  8 jackals
  6 quokkas
  3 bats
  3 frilled lizards
  10 kobolds
  A leopard gecko zombie (D:8)
  A quokka skeleton (D:5)
  A rat (D:3)
140 creatures vanquished.

Vanquished Creatures (collateral kills)
  3 wights (D:11)
3 creatures vanquished.

Grand Total: 143 creatures vanquished

Notes
Turn   | Place    | Note
-------+----------+-------------------------------------------
     0 | D:1      | Lavandula the Centaur Berserker began the quest for the
                  | Orb.
     0 | D:1      | Reached XP level 1. HP: 19/19 MP: 1/1
   182 | D:2      | Reached skill level 3 in Axes
   266 | D:2      | Reached XP level 2. HP: 13/26 MP: 2/2
   375 | D:2      | Reached XP level 3. HP: 14/31 MP: 3/3
   378 | D:2      | Reached skill level 4 in Axes
   453 | D:1      | Reached ** piety under Trog
   569 | D:2      | Reached XP level 4. HP: 34/38 MP: 4/4
   633 | D:3      | Reached skill level 5 in Axes
   661 | D:3      | Found a glowing drain.
   705 | Sewer    | Entered a sewer
   762 | Sewer    | Noticed a crocodile
   789 | Sewer    | Killed a crocodile
   789 | Sewer    | Reached XP level 5. HP: 30/45 MP: 5/5
  1013 | D:4      | Noticed an ogre
  1024 | D:4      | Killed an ogre
  1024 | D:4      | Reached skill level 6 in Axes
  1024 | D:4      | Reached XP level 6. HP: 14/51 MP: 6/6
  1120 | D:5      | Entered Level 5 of the Dungeon
  1142 | D:4      | Found a shadowy altar of Dithmenos.
  1273 | D:4      | Found Voaliem's General Store.
  1306 | D:5      | Reached skill level 7 in Axes
  1362 | D:4      | Bought a scroll of identify for 28 gold pieces
  1362 | D:4      | Bought a potion of agility for 56 gold pieces
  1563 | D:3      | Found a deep blue altar of Sif Muna.
  1647 | D:5      | Reached XP level 7. HP: 44/57 MP: 7/7
  1722 | D:5      | Reached *** piety under Trog
  1769 | D:5      | Found a staircase to the Ecumenical Temple.
  1790 | D:5      | Reached skill level 8 in Axes
  1965 | D:6      | Found a bloodstained altar of Trog.
  2024 | D:7      | Got a smoking ring mail
  2036 | D:7      | Reached skill level 9 in Axes
  2036 | D:7      | Reached XP level 8. HP: 28/63 MP: 8/8
  2047 | D:7      | Identified the +6 ring mail of the Albatross {rCorr} (You
                  | found it on level 7 of the Dungeon)
  2239 | D:7      | Noticed Pikel
  2245 | D:7      | Killed Pikel
  2245 | D:7      | Reached skill level 10 in Axes
  2304 | D:7      | Found a bloodstained altar of Trog.
  2460 | D:7      | Found a runed door.
  2465 | D:7      | Noticed SeriousVitamin's ghost (novice DEEE)
  2477 | D:7      | Killed SeriousVitamin's ghost
  2477 | D:7      | Reached skill level 11 in Axes
  2477 | D:7      | Reached XP level 9. HP: 69/69 MP: 9/9
  2530 | D:8      | Found Niara's Magic Scroll Boutique.
  2534 | D:8      | Bought a scroll of teleportation for 33 gold pieces
  2534 | D:8      | Bought a scroll of fear for 38 gold pieces
  2796 | D:8      | Found Naapes's Antique Weapon Emporium.
  2873 | D:8      | Bought a scroll of magic mapping for 38 gold pieces
  2904 | D:8      | Found Omuarhyhe's Jewellery Emporium.
  2999 | D:8      | Found Noutogusa's Book Emporium.
  3004 | D:8      | Found a basalt altar of Yredelemnul.
  3076 | D:8      | Bought a scroll of immolation for 38 gold pieces
  3178 | D:9      | Found a staircase to the Lair.
  3186 | Lair:1   | Entered Level 1 of the Lair of Beasts
  3200 | Lair:1   | Reached skill level 12 in Axes
  3206 | Lair:1   | Noticed an eight-headed hydra
  3242 | Lair:1   | Noticed a spiny frog
  3305 | D:10     | Entered Level 10 of the Dungeon
  3357 | D:10     | Found an opulent altar of Gozag.
  3357 | D:10     | Found a white marble altar of Elyvilon.
  3366 | D:10     | Found Gozag's Platinum Reserve.
  3460 | D:11     | Noticed a cyclops
  3502 | D:11     | Noticed a death knight
  3509 | D:11     | Noticed a gargoyle
  3642 | D:11     | Noticed a gargoyle
  3660 | D:11     | Killed a gargoyle
  3666 | D:11     | Reached XP level 10. HP: 67/77 MP: 10/10
  3683 | D:11     | Reached **** piety under Trog
  3694 | D:11     | Reached skill level 5 in Dodging
  3727 | D:11     | Found a frozen archway.
  3761 | IceCv    | Entered an ice cave
  3799 | IceCv    | Slain by a polar bear

Skill      XL: |  1  2  3  4  5  6  7  8  9 10 |
---------------+-------------------------------+-----
Axes           | 3 4 5 6 7 9 11 12 | 12.3
Dodging        | 4 5 |  5.7
Fighting       | |  3.0
Armour         | |  1.3

Action                   |  1- 3 |  4- 6 |  7- 9 | 10-12 || total
-------------------------+-------+-------+-------+-------++-------
Melee: Hand axe          |    50 |   112 |   218 |    42 ||   422
       Kick              |    10 |    28 |    46 |    12 ||    96
 Fire: Blowgun           |       |     7 |       |       ||     7
       Hunting sling     |       |     1 |    26 |       ||    27
Invok: Berserk           |     5 |     6 |     9 |     1 ||    21
       Trog's Hand       |       |     3 |     7 |     2 ||    12
       Brothers in Arms  |       |       |       |     1 ||     1
Evoke: Wand              |       |       |     2 |       ||     2
  Use: Scroll            |       |     4 |     5 |       ||     9
       Potion            |       |       |       |     1 ||     1
  Eat: Chunk             |     2 |     9 |    15 |     1 ||    27
       Ration            |       |       |     2 |       ||     2
Armor: Animal skin       |    16 |    22 |       |       ||    38
       Ring mail         |       |     7 |   108 |    30 ||   145
       Skin              |       |       |       |    17 ||    17
Dodge: Dodged            |    24 |    50 |    90 |    31 ||   195
